 Dungeon Crawl Stone Soup version 0.31-a0-164-g2312942fda (webtiles) character file.

Game seed: 1227044851454985973

14 qw the Shooter (level 2, -2/26 HPs)
             Began as a Naga Hunter on June 13, 2023.
             Slain by a jackal (3 damage)
             ... on level 1 of the Dungeon.
             The game lasted 00:00:06 (183 turns).

qw the Shooter (Naga Hunter)                         Turns: 183, Time: 00:00:07

Health: -2/26      AC:  2    Str: 13    XL:     2   Next: 45%
Magic:  2/2        EV:  9    Int:  9    God:
Gold:   0          SH:  0    Dex: 14    Spells: 1/1 levels left

rFire   . . .        a - +0 shortbow
rCold   . . .        (shield currently unavailable)
rNeg    . . .        c - +0 leather armour
rPois   +            (no helmet)
rElec   .            (no cloak)
rCorr   .            (no gloves)
SInv    +            (no barding)
Will    .....        (no amulet)
Stlth   ++           (no ring)
HPRegen 0.24/turn    (no ring)
MPRegen 0.08/turn

%: no passive effects
@: short of breath, very slow
A: AC +0, large, see invisible, deformed body, poison resistance, slowness 2,
spit poison 1, naga tail 1
a: Spit Poison


You were on level 1 of the Dungeon.
You visited 1 branch of the dungeon, and saw 1 of its levels.


Innate Abilities, Weirdness & Mutations

Your serpentine skin is tough. (AC +0)
You have supernaturally acute eyesight. (SInv)
Armour fits poorly on your strangely shaped body.
Your system is resistant to poisons. (rPois)
You cover ground very slowly.
You can spit poison.
You have a snake-like lower body.


   Skills:
 - Level 2.0 Fighting
 + Level 4.2 Ranged Weapons
 - Level 1.5 Dodging
 - Level 1.5 Stealth


You had one spell level left.
You didn't know any spells.
Your spell library was empty.

Inventory:

Hand Weapons
 a - a +0 shortbow (weapon)
Armour
 c - a +0 leather armour (worn)
Scrolls
 b - a scroll of butterflies
 e - a scroll of poison {unknown}
Potions
 d - 2 potions of ambrosia {unknown}

Dungeon Overview and Level Annotations

Branches:
Dungeon (1/15)

Altars:


Message History

You kill the jackal!
The jackal bites you.
The jackal bites you but does no damage. x2
A giant cockroach comes into view.
You shoot an arrow. The arrow hits the jackal.
The jackal is heavily wounded.
The jackal barely misses you.
The jackal bites you but does no damage.
The jackal bites you. The jackal completely misses you.
You shoot an arrow. The arrow closely misses the jackal.
You have got your breath back.
The jackal bites you.
The jackal bites you but does no damage.
The jackal bites you.
178 ||| INVOKING Spit Poison.
Aiming: Spit Poison (2% risk of failure)
Press: ? - help, Shift-Dir - straight line, f/p - jackal The splash of poison hits the jackal!
The jackal is poisoned.
You kill the jackal!
The jackal bites you but does no damage.
The jackal closely misses you.
You shoot an arrow. The arrow closely misses the goblin.
The goblin hits you with a +0 club. The jackal barely misses you.
A quokka comes into view.
The goblin hits you with a +0 club.
You shoot an arrow. The arrow hits the goblin.
The goblin is heavily wounded.
The jackal bites you. x2; The goblin barely misses you.
You shoot an arrow. The arrow closely misses the goblin.
You have got your breath back.
The jackal completely misses you. The goblin closely misses you.
The jackal bites you.
182 ||| INVOKING Spit Poison.
Aiming: Spit Poison (2% risk of failure)
Press: ? - help, Shift-Dir - straight line, f/p - goblin The splash of poison misses the goblin.
The jackal bites you. The goblin barely misses you.
You shoot an arrow. The arrow closely misses the goblin.
The jackal bites you. The goblin hits you with a +0 club. The jackal bites you.
You die...

....#.#..:.......#
.#...#.##......##
#....##.#....#.#
#....#.#.#..#.#.
#.....#.##..##.#
......##....##.
......#......#
..... #......#
.... ##.@..## ...
##hg## #SB# .r..
..... .......
........
..........


You could see a quokka, a jackal, a giant cockroach, a goblin and a ball python.

Vanquished Creatures
  A bat (D:1)
  2 goblins (D:1)
  2 hobgoblins (D:1)
  3 jackals (D:1)
  A frilled lizard (D:1)
  2 kobolds (D:1)
  A rat (D:1)
12 creatures vanquished.

Notes
Turn   | Place    | Note
-------+----------+-------------------------------------------
     0 | D:1      | qw the Naga Hunter began the quest for the Orb.
     0 | D:1      | Reached XP level 1. HP: 19/19 MP: 1/1
     0 | D:1      | 0 ||| qw: Version: 0.2-a-29-gc1b59c4
     0 | D:1      | 0 ||| qw: Game counter: 4517
     0 | D:1      | 0 ||| qw: Always use a shield: true
     0 | D:1      | 0 ||| qw: God list: Okawaru
     0 | D:1      | 0 ||| qw: Allow faded altars: false
     0 | D:1      | 0 ||| qw: Do Orc after D:15 true
     0 | D:1      | 0 ||| qw: Do second Lair branch before Depths: true
     0 | D:1      | 0 ||| qw: Lair rune preference: random
     0 | D:1      | 0 ||| qw: Plans: Normal
     0 | D:1      | 0 ||| PLANNING D:1-11
    33 | D:1      | 33 ||| INVOKING Spit Poison.
    94 | D:1      | 94 ||| INVOKING Spit Poison.
   112 | D:1      | 112 ||| INVOKING Spit Poison.
   115 | D:1      | Reached skill level 4 in Ranged Weapons
   115 | D:1      | Reached XP level 2. HP: 26/26 MP: 2/2
   125 | D:1      | 125 ||| INVOKING Spit Poison.
   167 | D:1      | 167 ||| INVOKING Spit Poison.
   173 | D:1      | 173 ||| INVOKING Spit Poison.
   174 | D:1      | 174 ||| INVOKING Spit Poison.
   178 | D:1      | 178 ||| INVOKING Spit Poison.
   180 | D:1      | HP: 6/26 [jackal (1)]
   182 | D:1      | 182 ||| INVOKING Spit Poison.
   183 | D:1      | HP: 1/26 [goblin/+0 club (2)]
   183 | D:1      | Slain by a jackal

Levels and vault maps discovered:
D:1:      saegor_arrival_fortress, layout_basic, minmay_misc_feat_secret_circle

Skill      XL: |  1 |
---------------+----+-----
Ranged Weapons | 4 |  4.2
Fighting       | |  2.0
Dodging        | |  1.5
Stealth        | |  1.5

Action                     || total
---------------------------++-------
   Fire: Shortbow          ||    28
Ability: Spit Poison       ||     8
 Armour: Leather armour    ||    14
  Dodge: Dodged            ||    19

Table legend:
 A = Non-vault XP
 B = Vault XP
 C = Vault XP percentage of total XP
 D = Non-vault monster count
 E = Vault monster count
 F = Vault count percentage of total count
                 A         B        C        D         E       F
            +---------+---------+-------+---------+---------+-------
      Total |      21 |       0 |   0.0 |      12 |       0 |   0.0
            +---------+---------+-------+---------+---------+-------
        D:1 |      21 |       0 |   0.0 |      12 |       0 |   0.0
            +---------+---------+-------+---------+---------+-------
